 Dungeon Crawl Stone Soup version 0.27.0-1-g7a089689b8 (webtiles) character file.

Game seed: 11250717377308495558

332 thirtiethelement the Skirmisher (level 6, 0/48 HPs)
             Began as a Demonspawn Abyssal Knight on Aug 14, 2021.
             Was a Believer of Lugonu.
             Slain by an iguana (10 damage)
             ... on level 4 of the Dungeon.
             The game lasted 00:07:16 (5234 turns).

thirtiethelement the Skirmisher (DsAK)              Turns: 5234, Time: 00:07:17

Health: 0/48       AC:  5    Str: 12    XL:     6   Next: 26%
Magic:  8/8        EV:  9    Int: 15    God:    Lugonu [**....]
Gold:   188        SH: 15    Dex: 13    Spells: 5/5 levels left

rFire    . . .     SeeInvis +   a - +2 falchion
rCold    . . .     Faith    .   i - +2 kite shield
rNeg     . . .     Spirit   .   b - +0 leather armour
rPois    +         Reflect  +   (helmet unavailable)
rElec    .         Harm     .   d - +1 cloak {rPois}
rCorr    .         Rampage  .   (no gloves)
Will     +....                  (no boots)
Stlth    +.........             n - amulet of reflection
HPRegen  0.16/turn              o - ring of willpower
MPRegen  0.22/turn              (no ring)

@: no status effects
A: antennae 3, magic regeneration
a: Renounce Religion, Depart the Abyss, Bend Space


You were on level 4 of the Dungeon.
You worshipped Lugonu.
Lugonu was pleased with you.
You visited 1 branch of the dungeon, and saw 4 of its levels.
You visited the Abyss 1 time.

You collected 188 gold pieces.

Inventory:

Hand Weapons
 a - a +2 falchion (weapon)
Armour
 b - a +0 leather armour (worn)
 d - a +1 cloak of poison resistance (worn)
 i - a +2 kite shield (worn)
Jewellery
 h - an amulet of magic regeneration
 n - an amulet of reflection (around neck)
 o - a ring of willpower (left hand)
Scrolls
 c - 2 scrolls of enchant weapon
 e - a scroll of noise {unknown}
Potions
 f - 2 potions of degeneration {unknown}
 g - 2 potions of haste {unknown}
 k - a potion of resistance {unknown}


   Skills:
 + Level 3.9 Fighting
 + Level 3.6 Long Blades
 + Level 2.4 Armour
 + Level 2.0 Dodging
 + Level 1.4 Stealth
 + Level 2.1 Shields
 + Level 2.9 Invocations


You had 5 spell levels left.
You didn't know any spells.
Your spell library was empty.

Dungeon Overview and Level Annotations

Branches:
Dungeon (4/15)
 Temple: D:4-7

Altars:
Ashenzari
Elyvilon
Gozag
Okawaru
Uskayaw
Xom
Yredelemnul


Innate Abilities, Weirdness & Mutations

You have a pair of large antennae on your head. (SInv)
You regenerate magic rapidly.


Message History

Your Shields skill increases to level 2!
You have reached level 6!
Your experience leads to an increase in your attributes!
Increase (S)trength, (I)ntelligence, or (D)exterity?
You feel clever.
Your demonic ancestry asserts itself...
The antennae on your head grow some more.
Things that are here:
a +0 giant club; an ogre corpse You sense a monster nearby.
An endoplasm comes into view.
The endoplasm quivers.
You hit the endoplasm.
The endoplasm is moderately wounded.
The endoplasm jiggles.
You block the endoplasm's attack.
You hit the endoplasm.
The endoplasm is heavily wounded.
You block the endoplasm's attack.
You hit the endoplasm.
You kill the endoplasm!
Lugonu accepts your kill.
An iguana and a quokka come into view.
The iguana hisses angrily.
You hit the iguana but do no damage. The iguana bites you!
You hit the iguana.
The iguana is lightly wounded.
The iguana bites you but does no damage.
The iguana bites you!
You hit the iguana but do no damage.
The iguana is lightly wounded.
The iguana bites you!
You hit the iguana.
The iguana is moderately wounded.
The iguana bites you but does no damage.
You hit the iguana.
The iguana is heavily wounded.
The iguana bites you!
* * * LOW HITPOINT WARNING * * *
The iguana bites you!
You die...

.######.....#..#
#.##. ##
#.#####.#### #.##.
#.
#....##...#...###..
#..
#.##..#.#...♣....._
#.....#
#.#)###...###(.
##...### #...#
###.##.
#.....#####..#####
#)##. #....rl.#
#......# #.##. #@#
#......# #.#..
#.###......# #.#.♣
#..........# #<#..
#####......# #.##.
#......# #....
.......# #.###
..####### #.# .#
#.# . #.#


You could see an iguana and a quokka.

Vanquished Creatures
  An ogre (D:4)
  A scorpion (D:3)
  Crazy Yiuf (D:2)
  A hound skeleton (D:4)
  4 adders
  3 gnolls
  A worm (D:2)
  A dart slug (D:2)
  3 orcs (D:3)
  6 bats
  8 endoplasms
  3 giant cockroaches (D:3)
  13 goblins
  6 hobgoblins
  2 jackals (D:1)
  4 quokkas
  10 ball pythons
  2 frilled lizards
  7 kobolds
  3 rats
80 creatures vanquished.

Notes
Turn   | Place    | Note
-------+----------+-------------------------------------------
     0 | Abyss:1  | thirtiethelement the Demonspawn Abyssal Knight began the
                  | quest for the Orb.
     0 | Abyss:1  | Reached XP level 1. HP: 18/18 MP: 2/2
    26 | Abyss:1  | Found a corrupted altar of Lugonu.
    71 | Abyss:2  | Noticed a thrashing horror
    74 | D:1      | Escaped the Abyss
   374 | D:1      | Reached * piety under Lugonu
   375 | D:1      | Gained mutation: You regenerate magic rapidly. [demonic
                  | ancestry]
   375 | D:1      | Reached XP level 2. HP: 24/24 MP: 4/4
  1389 | D:2      | Reached skill level 1 in Dodging
  1523 | D:2      | Reached XP level 3. HP: 22/29 MP: 5/5
  1640 | D:2      | Found a runed translucent door.
  1641 | D:2      | Noticed Crazy Yiuf
  2094 | D:1      | HP: 1/30 [gnoll (6)]
  2464 | D:2      | Gained mutation: You have a pair of small antennae on your
                  | head. [demonic ancestry]
  2464 | D:2      | Reached XP level 4. HP: 33/37 MP: 6/6
  3682 | D:2      | Killed Crazy Yiuf
  4000 | D:3      | Reached ** piety under Lugonu
  4157 | D:3      | Found a basalt altar of Yredelemnul.
  4198 | D:3      | Found an opulent altar of Gozag.
  4198 | D:3      | Found a shimmering altar of Xom.
  4200 | D:3      | Found an iron altar of Okawaru.
  4420 | D:3      | Found a broken altar of Ashenzari.
  4420 | D:3      | Found a hide-covered altar of Uskayaw.
  4482 | D:3      | Reached skill level 1 in Stealth
  4482 | D:3      | Gained mutation: You have a pair of antennae on your head.
                  | [demonic ancestry]
  4482 | D:3      | Reached XP level 5. HP: 36/42 MP: 7/7
  4620 | D:3      | Reached skill level 1 in Shields
  5039 | D:4      | Noticed an ogre
  5061 | D:4      | Killed an ogre
  5062 | D:4      | Gained mutation: You have a pair of large antennae on your
                  | head. (SInv) [demonic ancestry]
  5062 | D:4      | Reached XP level 6. HP: 23/48 MP: 8/8
  5234 | D:4      | Slain by an iguana

Illustrated notes

Levels and vault maps discovered:
D:1:      minmay_arrival_four_houses, layout_basic, st_stairs_13
D:2:      layout_basic, uniq_crazy_yiuf_cottage
D:3:      minmay_chambers_of_threes, layout_rooms, grunt_temple_overflow_open,
          minitemple, st_stairs_1, hangedman_decor_growths,
          chequers_serial_rivers_micro_c
D:4:      layout_rooms, kennysheep_little_box, elyvilon_altar_1,
          temple_fountains, serial_shops, nicolae_shop_trees,
          nicolae_lakefront_shop, nicolae_elemental_shop, uniq_ijyb

Skill      XL: |  1  2  3  4  5 |
---------------+----------------+-----
Long Blades    | 2 3 |  3.6
Dodging        | 1 2 |  2.0
Armour         | 2 |  2.4
Stealth        | 1 |  1.4
Shields        | 2 |  2.1
Fighting       | |  3.9
Invocations    | |  2.9

Action                   |  1- 3 |  4- 6 || total
-------------------------+-------+-------++-------
Melee: Falchion          |   107 |   179 ||   286
Invok: Depart the Abyss  |     1 |       ||     1
  Use: Scroll            |       |     6 ||     6
       Potion            |       |     2 ||     2
 Stab: Sleeping          |       |     2 ||     2
       Distracted        |       |     1 ||     1
Armor: Leather armour    |    36 |    46 ||    82
Dodge: Dodged            |    71 |    52 ||   123
Block: Kite shield       |       |   164 ||   164
       Rpst.: Falchion   |    18 |    22 ||    40
